 Dungeon Crawl Stone Soup version 0.18.1-6-gd335043 (webtiles) character file.

2346 HungrySpirit the Martial Artist (level 9, -1/54 HPs)
             Began as an Octopode Skald on May 18, 2016.
             Was a Follower of Cheibriados.
             Slain by a wight
             ... wielding a +3 short sword of freezing
              (3 damage)
             ... on level 8 of the Dungeon.
             The game lasted 00:23:11 (6977 turns).

HungrySpirit the Martial Artist (Octopode Skald)    Turns: 6977, Time: 00:23:13

Health: -1/54      AC:  7    Str: 14    XL:     9   Next: 43%
Magic:  12/12      EV: 15    Int: 18    God:    Cheibriados [*.....]
Gold:   589        SH:  5    Dex: 15    Spells: 2 memorised, 8 levels left

rFire  . . .     SeeInvis .       - Unarmed
rCold  + . .     Gourm    .     (no shield)
rNeg   . . .     Faith    .     t - +2 hat {MR+}
rPois  .         Spirit   .     B - +5 amulet of reflection
rElec  .         Dismiss  .     (no ring)
rCorr  .         Reflect  +     (no ring)
SustAt .         Harm     .     (no ring)
MR     +....                    (no ring)
Stlth  ++++......               (no ring)
                                (no ring)
                                (no ring)
                                (no ring)

@: drained, very slow, somewhat resistant to hostile enchantments, stealthy
A: almost no armour, amphibious, 8 rings, constrict 8, antennae 1, slimy green
scales 1, thin metallic scales 1, camouflage 1, clumsy 1, cold resistance 1,
gelatinous body 1
a: Bend Time, Renounce Religion


You were on level 8 of the Dungeon.
You worshipped Cheibriados.
Cheibriados was aware of your devotion.
You were not hungry.

You visited 2 branches of the dungeon, and saw 9 of its levels.
You also visited: Sewer.

You collected 589 gold pieces.

Inventory:

Hand Weapons
 m - a +2 dagger of draining
Armour
 s - a +0 buckler
 t - a +2 hat of magic resistance (worn)
Jewellery
 c - an uncursed amulet of regeneration
 B - a +5 amulet of reflection (around mantle)
Wands
 r - a wand of confusion (19/48)
 C - a wand of slowing (24/48)
 E - a wand of acid (4/15)
Scrolls
 f - a scroll of fear
 l - a scroll of magic mapping
 o - 3 scrolls of remove curse
 p - 2 scrolls of teleportation
 q - a scroll of amnesia
 x - a scroll of recharging
 y - a scroll of enchant armour
 D - 2 scrolls of identify
 F - a scroll of fog
Potions
 e - 2 potions of lignification
 h - 5 potions of curing
 k - 2 potions of cancellation
 n - a potion of haste
 u - a potion of agility
 v - a potion of might
 w - a potion of flight
 z - 2 potions of heal wounds
 A - a potion of brilliance
Books
 a - a book of Battle

   Spells                             Type                      Level
   a - Infusion                       Charms                       1
   b - Shroud of Golubria             Charms/Translocation         2
   c - Song of Slaying                Charms                       2
   d - Spectral Weapon                Hexes/Charms                 3
   e - Regeneration                   Charms/Necromancy            3
Comestibles
 b - 8 bread rations
 d - 4 beef jerkies
 g - 3 fruits
 j - 3 meat rations


   Skills:
 + Level 2.2(1.6) Fighting
 - Level 5.4(4.7) Short Blades
 + Level 6.1(5.4) Dodging
 - Level 5.0(4.3) Stealth
 * Level 8.5(7.8) Unarmed Combat
 - Level 2.0(1.4) Spellcasting
 + Level 3.2(2.5) Charms


You had 8 spell levels left.
You knew the following spells:

 Your Spells              Type           Power        Failure   Level  Hunger
a - Infusion              Chrm           ##..         10%         1    ##.....
b - Regeneration          Chrm/Necr      #.........   34%         3    ####...


Dungeon Overview and Level Annotations

Branches:
Dungeon (8/15)             Temple (1/1) D:7
   Lair: D:8-11

Altars:
Cheibriados
Elyvilon
Gozag
Kikubaaqudgha
Makhleb
Nemelex Xobeh
Okawaru
Pakellas
Sif Muna
Trog
Vehumet
Xom
Zin
The Shining One

Shops:
D:5 *


Innate Abilities, Weirdness & Mutations

You cannot wear most types of armour.
You are amphibious.
You can wear up to eight rings at the same time.
You can use your tentacles to constrict eight enemies at once.
Your skin changes colour to match your surroundings (Stealth).
Your rubbery body absorbs attacks (AC +1).
You have a pair of small antennae on your head.
You are partially covered in slimy green scales (AC +2).
You are partially covered in thin metallic scales (AC +2).
You are clumsy. (Dex -2)
Your flesh is cold resistant.


Message History

You constrict the wight. You tentacle-slap the wight.
You destroy the wight!
Cheibriados thoroughly appreciates the change of pace.
The wight hits you with a short sword of freezing.
You feel drained.
You barely miss the wight. You grab the wight. You squeeze the wight.
The wight is lightly damaged.
You constrict the wight.
The wight hits you with a short sword of freezing!
* * * LOW HITPOINT WARNING * * *
The wight freezes you.
* * * LOW HITPOINT WARNING * * *
You tentacle-slap the wight but do no damage.
The wight is moderately damaged.
You constrict the wight, but do no damage.
The wight hits you with a short sword of freezing!
* * * LOW HITPOINT WARNING * * *
The wight freezes you.
You die...

.....#####.....#...##.
.....#...#.....#......
.....#...'.....#.....
.....#...#.....#....
..<..#####.....#..#
.............###..######
.............#..........
.............)...z..z...
............)#..@)......
..........#######....
..........# ##
..#########


You could see 2 wights.

Vanquished Creatures
  A water moccasin (D:6)
  An ice beast (D:5)
  A sky beast (D:6)
  3 ogres (D:4)
  5 giant frogs
  A scorpion (D:7)
  3 killer bees (D:7)
  6 wights
  4 howler monkeys
  2 quasits
  A jelly (D:6)
  4 hounds
  An orc priest (D:6)
  A centaur skeleton (D:4)
  4 orc wizards
  An iguana (D:6)
  Terence (D:3)
  6 worker ants
  2 hound skeletons
  A howler monkey skeleton (D:5)
  3 gnolls (D:4)
  8 adders
  4 oozes
  4 worms
  6 giant geckos
  22 orcs
  4 ball pythons
  15 bats
  5 giant cockroaches
  11 goblins
  19 hobgoblins
  12 jackals
  15 kobolds
  3 quokkas
  8 giant newts
  7 rats
  A bush (D:1)
196 creatures vanquished.

Notes
Turn   | Place    | Note
--------------------------------------------------------------
     0 | D:1      | HungrySpirit the Octopode Skald began the quest for the Orb.
     0 | D:1      | Reached XP level 1. HP: 14/14 MP: 3/3
    70 | D:1      | Reached skill level 1 in Stealth
    70 | D:1      | Reached XP level 2. HP: 17/19 MP: 5/5
   452 | D:1      | Reached XP level 3. HP: 22/24 MP: 6/6
  1679 | D:3      | Reached skill level 3 in Unarmed Combat
  1690 | D:3      | Found a white marble altar of Elyvilon.
  1784 | D:3      | Reached XP level 4. HP: 28/29 MP: 7/7
  1980 | D:3      | Found a bloodstained altar of Trog.
  1980 | D:3      | Found a deep blue altar of Sif Muna.
  2022 | D:3      | Reached skill level 1 in Short Blades
  2042 | D:3      | Found a glowing drain.
  2047 | Sewer    | Entered a sewer
  2196 | Sewer    | Reached XP level 5. HP: 29/34 MP: 8/8
  2774 | D:3      | Noticed Terence
  2791 | D:3      | Killed Terence
  3073 | D:3      | Reached skill level 4 in Unarmed Combat
  3183 | D:4      | Reached XP level 6. HP: 39/39 MP: 9/9
  3484 | D:4      | Reached XP level 7. HP: 45/45 MP: 10/10
  3491 | D:4      | Reached skill level 5 in Unarmed Combat
  3613 | D:4      | Reached skill level 5 in Stealth
  4096 | D:5      | Entered Level 5 of the Dungeon
  4106 | D:5      | Found Hukoz's General Store.
  4293 | D:5      | Reached XP level 8. HP: 46/50 MP: 11/11
  4306 | D:5      | Reached skill level 6 in Unarmed Combat
  5233 | D:6      | Noticed a cacodemon
  5234 | D:6      | Found a burning altar of Makhleb.
  5237 | D:6      | Found a glowing silver altar of Zin.
  5237 | D:6      | Noticed an angel
  5271 | D:6      | Reached skill level 5 in Dodging
  5271 | D:6      | Reached skill level 7 in Unarmed Combat
  5279 | D:6      | Gained mutation: You are clumsy. (Dex -2) [mutagenic meat]
  5280 | D:6      | Gained mutation: You are partially covered in slimy green scales (AC +2). [mutagenic meat]
  5281 | D:6      | Gained mutation: You have a pair of small antennae on your head. [mutagenic meat]
  5282 | D:6      | Gained mutation: You are partially covered in thin metallic scales (AC +2). [mutagenic meat]
  5651 | D:7      | Gained mutation: Your flesh is cold resistant. [potion of beneficial mutation]
  5730 | D:7      | Found a staircase to the Ecumenical Temple.
  5755 | Temple   | Entered the Ecumenical Temple
  5862 | Temple   | Became a worshipper of Cheibriados the Contemplative
  5969 | D:7      | Reached XP level 9. HP: 35/54 MP: 12/12
  6209 | D:7      | Reached skill level 5 in Short Blades
  6296 | D:7      | Reached skill level 8 in Unarmed Combat
  6304 | D:7      | Learned a level 3 spell: Regeneration
  6531 | D:7      | Found an oddly glowing altar of Pakellas.
  6531 | D:7      | Noticed an ice dragon
  6632 | D:7      | Found an iron altar of Okawaru.
  6721 | D:7      | Reached * piety under Cheibriados
  6977 | D:8      | HP: 2/54 [wight/short sword of freezing (11)]
  6977 | D:8      | Slain by a wight

Skill      XL: |  1  2  3  4  5  6  7  8  9 |
---------------+----------------------------+-----
Stealth        | 1 2 3 4 5 |  5.0
Dodging        | 2 3 4 5 6 |  6.1
Unarmed Combat | 3 4 5 7 8 |  8.5
Short Blades   | 1 2 3 4 5 |  5.4
Fighting       | |  2.2
Spellcasting   | |  2.0
Charms         | |  3.2

Action                   |  1- 3 |  4- 6 |  7- 9 || total
-------------------------+-------+-------+-------++-------
Melee: Unarmed           |   167 |       |    19 ||   186
       Constrict         |    24 |    33 |    46 ||   103
       Tentacles         |    39 |    25 |    38 ||   102
       Punch             |     4 |     3 |    13 ||    20
       Dagger            |    11 |   161 |   250 ||   422
 Cast: Infusion          |       |     1 |       ||     1
Evoke: Wand              |       |       |     4 ||     4
  Use: Scroll            |     1 |    12 |     6 ||    19
       Potion            |       |     5 |     2 ||     7
 Stab: Sleeping          |     9 |    22 |    16 ||    47
       Distracted        |       |       |     2 ||     2
       Confused          |       |       |     2 ||     2
  Eat: Chunk             |     3 |     6 |    15 ||    24
Armor: Skin              |     8 |    14 |    63 ||    85
Dodge: Dodged            |    52 |    86 |   166 ||   304
Block: Other             |       |       |    39 ||    39
